[Event "*** Qualifier 1: Titled Tuesday 3|2 Blitz"]
[Site "Chess.com"]
[Date "2017.04.04"]
[Round "10"]
[White "MITerryble"]
[Black "sergiochess83"]
[Result "0-1"]
[WhiteElo "2722"]
[BlackElo "2700"]
[TimeControl "180+2"]
[EndTime "15:20:47 PDT"]
[Termination "sergiochess83 won on time"]

1. d4 Nf6 2. Nf3 g6 3. Bg5 Bg7 4. Nbd2 d5 5. c3 O-O 6. e3 Nbd7 7. Be2 c5 8. O-O b6 9. a4 a6 10. b4 c4 11. Qc2 Bb7 12. Rfd1 b5 13. axb5 axb5 14.
Rxa8 Qxa8 15. Qb2 Bc6 16. Ra1 Qb7 17. h3 Ra8 18. Ra2 Nb6 19. Qa1 Rxa2 20. Qxa2 Na4 21. Qa1 Ne4 22. Nxe4 dxe4 23. Nd2 e5 24. Bd1 Nb6 25. Qa5 h6 26. Bh4 f5 27. Bg3 exd4 28. cxd4 Nd5 29. Bd6 Qd7 30. Bc5 Kh7 31. Qa3 h5 32.
Nb1 f4 33. Bc2 fxe3 34. fxe3 Bh6 35. Bxe4 Bxe3+ 36. Kh1 Bh6 37. Qf3 Qe6 38. Nc3 Nxc3 39. Bxc6 Qe1+ 40. Kh2 Ne2 41. Qf7+ Bg7 42. d5 Qg3+ 43.
Kh1 Qe1+ 44. Kh2 c3 45. Bf2 Qd2 46. Be8 Nf4 47. Kg3 c2 0-1

[Event "*** Qualifier 1: Titled Tuesday 3|2 Blitz"]
[Site "Chess.com"]
[Date "2017.04.04"]
[Round "10"]
[White "Fiona"]
[Black "Kawhi_Leonard2"]
[Result "0-1"]
[WhiteElo "2128"]
[BlackElo "2194"]
[TimeControl "180+2"]
[EndTime "15:20:47 PDT"]
[Termination "Kawhi_Leonard2 won by resignation"]

1. e4 c5 2. Nc3 Nc6 3. f4 g6 4.
Nf3 Bg7 5. Bb5 Nd4 6. O-O Nxb5 7. Nxb5 d5 8. e5 a6 9. Nc3 Nh6 10. d3 Nf5 11. Ne2 d4 12. h3 h5 13. Qe1 h4 14. Ng5 b6 15. Ne4 Bb7 16. Kh2 Qd5 17. Qf2 Kf8 18. Bd2 a5 19. Rae1 Qxa2 20. Bc1 Qd5 21. Ng1 Rh5 22. Nf3 Kg8 23. Re2 Bc6 24.
Nfg5 Rf8 25. Nd2 Ng3 26. Ndf3 Nxf1+ 27. Qxf1 f6 28. exf6 exf6 29. Ne6 Re8 30. Nxg7 Kxg7 31. Qe1 Qf7 32. f5 Rxf5 33. Nxh4 Rfe5 34. Rxe5 Rxe5 35. Qg3 Re2 36. Bf4 g5 37. Bc1 Kh8 38. Nf3 Rxc2 39. Bxg5 fxg5 40. Nxg5 Rxg2+ 41. Qxg2 Bxg2 42. Nxf7+ Kg7 43. Nd6 Bf1 44. Nc4 Bxd3 45. Nxb6 c4 46. Kg3 c3 47.
bxc3 dxc3 48. Nd5 c2 49. Nf4 c1=Q 50. Nxd3 Qe3+ 51. Kg4 Qxd3 0-1

[Event "*** Qualifier 1: Titled Tuesday 3|2 Blitz"]
[Site "Chess.com"]
[Date "2017.04.04"]
[Round "10"]
[White "wonderfultime"]
[Black "yian123"]
[Result "1-0"]
[WhiteElo "2661"]
[BlackElo "2414"]
[TimeControl "180+2"]
[EndTime "15:20:50 PDT"]
[Termination "wonderfultime won by resignation"]

1. d4 d5 2. c4 c6 3. Nc3 Nf6 4. e3 a6 5. Nf3 g6 6. Be2 Bg7 7. O-O O-O 8. h3 dxc4 9. Bxc4 b5 10. Bd3 c5 11. dxc5 Nfd7 12. Be4 Ra7 13. Qc2 Rc7 14. Rd1 Rxc5 15. Qb3 e6 16. a4 bxa4 17. Nxa4 Rb5 18. Qa3 Qc7 19. Bd2 Nf6 20. Bd3 Rd5 21. Rac1 Qd8 22.
Bc4 Rd6 23. Be2 Nc6 24. Be1 Rxd1 25. Rxd1 Qe7 26. Qc3 Bb7 27. Qc5 Nd5 28. b3 a5 29.
Bc4 Ndb4 30. Qxe7 Nxe7 31. Rd7 Bxf3 32. gxf3 Nec6 33. f4 Rd8 34. Rxd8+ Nxd8 35. Nc5 Ndc6 36.
Nb7 Bf8 37. Bc3 Be7 38. Bb5 Kf8 39. Kg2 h5 40. Kf3 Na7 41. Ba4 Nac6 42. Ke2 g5 43. fxg5 Bxg5 44. Nxa5 1-0

[Event "*** Qualifier 1: Titled Tuesday 3|2 Blitz"]
[Site "Chess.com"]
[Date "2017.04.04"]
[Round "10"]
[White "Bengalas"]
[Black "Goala"]
[Result "1/2-1/2"]
[WhiteElo "2452"]
[BlackElo "2311"]
[TimeControl "180+2"]
[EndTime "15:20:53 PDT"]
[Termination "Game drawn by repetition"]

1. d4 e6 2. c4 Nf6 3. Nc3 c5 4.
d5 exd5 5. cxd5 d6 6. Nf3 g6 7.
Nd2 a6 8. a4 Bg7 9. e4 O-O 10.
Be2 Re8 11. O-O g5 12. Qc2 g4 13. b3 h5 14. Bb2 Nbd7 15. f4 gxf3 16. Nxf3 Ng4 17.
Qd3 Nde5 18. Nxe5 Bxe5 19. Bxg4 Bxg4 20. h3 Qh4 21. Nd1 Bxd1 22. Bxe5 Rxe5 23. Raxd1 Qxe4 24. Qg3+ Qg6 25. Qxg6+ fxg6 26. Rf6 Rd8 27. Rxg6+ Kh7 28. Rg3 Rde8 29. Rf3 Kg6 30. Rdf1 Rxd5 31. Rf6+ Kg5 32. h4+ Kxh4 33. Rg6 Rg5 34. Rxd6 Re2 35.
Rf4+ Kg3 36. Rf3+ Kh4 37. Rh3+ Kg4 38. Rf6 h4 39. Rf8 b5 40. axb5 axb5 41. Kh2 c4 42. bxc4 bxc4 43. Rc8 Rc2 44. Rd8 Kh5 45. Rh8+ Kg6 46.
Rg8+ Kh5 47. Rh8+ Kg6 48. Rg8+ Kh5 49. Rh8+ Kg6 50. Rg8+ Kh5 51. Rh8+ Kg6 52. Rg8+ Kh5 53.
Rh8+ 1/2-1/2

[Event "*** Qualifier 1: Titled Tuesday 3|2 Blitz"]
[Site "Chess.com"]
[Date "2017.04.04"]
[Round "10"]
[White "GM_Donatello"]
[Black "FearlessKing64"]
[Result "1-0"]
[WhiteElo "2510"]
[BlackElo "2097"]
[TimeControl "180+2"]
[EndTime "15:20:54 PDT"]
[Termination "GM_Donatello won on time"]

1. d4 Nf6 2. Bf4 d5 3. Nf3 e6 4.
e3 c5 5. c3 Nc6 6. Nbd2 Bd6 7. Bg3 a6 8. Bd3 Qe7 9. Ne5 Bd7 10. f4 O-O-O 11. O-O g6 12. a3 Nh5 13. b4 c4 14. Bc2 f6 15. Nxd7 Rxd7 16. a4 Nxg3 17. hxg3 e5 18. b5 Nb8 19. bxa6 Nxa6 20.
Qe1 e4 21. g4 f5 22. g5 h6 23. gxh6 Rxh6 24. Kf2 Qh4+ 25. Ke2 Qg4+ 26. Kf2 Rh2 27. Rg1 Rdh7 28. Bd1 Qh4+ 29. Kf1 Qh6 30. Qg3 Nc7 31. Be2 Ne6 32. Ke1 g5 33. Kd1 gxf4 34. Qg8+ Kc7 35. a5 fxe3 36. a6 Nd8 37. a7 Rg7 38. Qxd5 Rhxg2 39. Rxg2 Rxg2 40. a8=Q Rxe2 41. Qxc4+ Kd7 42. Qxe2 exd2 43. Kc2 e3 44. Qb5+ Ke7 45. Qxf5 e2 46.
Qe4+ Kd7 47. Qxe2 Qg6+ 48. Qd3 Qg2 49. Rd1 Qc6 50. Rxd2 1-0

[Event "*** Qualifier 1: Titled Tuesday 3|2 Blitz"]
[Site "Chess.com"]
[Date "2017.04.04"]
[Round "10"]
[White "rithwik2002"]
[Black "Ginger_GM"]
[Result "1-0"]
[WhiteElo "1857"]
[BlackElo "2445"]
[TimeControl "180+2"]
[EndTime "15:20:56 PDT"]
[Termination "rithwik2002 won by resignation"]

1. d4 h5 2. e4 h4 3. Nf3 h3 4. Nc3 a6 5. gxh3 d6 6. Bf4 Bxh3 7.
Bxh3 Rxh3 8. Ng5 Rh8 9. Qf3 Nh6 10. d5 Nd7 11. O-O-O g6 12. h4 Nf6 13. e5 dxe5 14. Bxe5 Bg7 15. h5 gxh5 16. Nce4 Nhg4 17. Bc3 Qd7 18. Qf4 O-O-O 19. Nxf7 Rdf8 20. Nxh8 Bh6 21. Ng5 Rxh8 22. Bxf6 exf6 23. Rxh5 fxg5 24. Qd4 Bg7 25. Rxh8+ Bxh8 26. Qxh8+ Qd8 27. Qh3 Qd7 28. Rg1 Nxf2 29.
Qxd7+ Kxd7 30. Rxg5 Ne4 31. Re5 Nd6 32. b3 b5 33. Kd2 b4 34. c4 bxc3+ 35. Kxc3 Nb5+ 36.
Kd3 Kd6 37. Rh5 Kc5 38. a4 Nd6 39. Rh7 Kb6 40. Kd4 a5 41. Rd7 Nb7 42. Kc4 Nd6+ 43.
Rxd6+ cxd6 44. b4 axb4 45. Kxb4 Ka6 46. a5 Ka7 47. Kb5 Kb7 48. a6+ Ka7 49. Kc6 1-0

[Event "*** Qualifier 1: Titled Tuesday 3|2 Blitz"]
[Site "Chess.com"]
[Date "2017.04.04"]
[Round "10"]
[White "proxy6"]
[Black "GamayevOleg"]
[Result "0-1"]
[WhiteElo "2215"]
[BlackElo "2406"]
[TimeControl "180+2"]
[EndTime "15:20:58 PDT"]
[Termination "GamayevOleg won by resignation"]

1. e4 e6 2. d4 d5 3. Nc3 Bb4 4. e5 c5 5. a3 Bxc3+ 6. bxc3 Ne7 7. h4 Qa5 8. Bd2 Qa4 9. h5 cxd4 10. Rh4 Nbc6 11. Nf3 Nf5 12. Rf4 Bd7 13. g4 Nfe7 14. cxd4 h6 15. Bd3 Na5 16. Bb4 Bb5 17. Nh4 Bxd3 18. Qxd3 Nac6 19. Rb1 b6 20.
Kd2 Rc8 21. Bd6 Na5 22. Rb4 Nc4+ 23. Ke1 Qxa3 24. Qxa3 Nxa3 25. Ra4 Nxc2+ 26. Kd2 a5 27. Ra2 Nb4 28. Bxb4 axb4 29. Ra6 Rb8 30. Rf3 Nc6 31.
Rd3 Kd7 32. f4 Rhc8 33. f5 Na5 34. Ra7+ Rc7 35. Rxc7+ Kxc7 36. Kc2 Kc6 37. Rg3 Kb5 38.
g5 Rc8+ 39. Kb1 Nc6 40. g6 fxg6 41. fxe6 Nxd4 42. e7 g5 43. Ng6 Re8 44. Rg2 Nc6 45. Rd2 Nxe7 46. Nxe7 Rxe7 47. Rxd5+ Kc4 48. Rd6 Rxe5 49.
Rxb6 Kb3 50. Kc1 g4 51. Rg6 Rg5 52. Rxg7 Rxg7 0-1

[Event "*** Qualifier 1: Titled Tuesday 3|2 Blitz"]
[Site "Chess.com"]
[Date "2017.04.04"]
[Round "10"]
[White "ecwinslow"]
[Black "jeaston1"]
[Result "1/2-1/2"]
[WhiteElo "2072"]
[BlackElo "2167"]
[TimeControl "180+2"]
[EndTime "15:21:11 PDT"]
[Termination "Game drawn - insufficient material"]

1. d4 d5 2. c4 dxc4 3. e4 e5 4.
Nf3 exd4 5. Bxc4 Nc6 6. O-O Bc5 7. Nbd2 Bb6 8. Bb5 Bd7 9. Nb3 Nf6 10. e5 Nxe5 11. Re1 O-O 12. Rxe5 Ng4 13. Rg5 h6 14. Bxd7 Qxd7 15. Rh5 d3 16. Be3 Bxe3 17. fxe3 Nxe3 18.
Qd2 Nc4 19. Qc3 b5 20. Rd1 Ne3 21. Rd2 Rad8 22. Rh4 Rfe8 23. Rd4 Qf5 24. R4xd3 Rxd3 25. Qxd3 Qf4 26. Qxb5 Re6 27. Rd8+ Kh7 28. Qd3+ Rg6 29. Rd4 Nxg2 30. Qxg6+ Kxg6 31. Rxf4 Nxf4 32. Nc1 Kf5 33. Kf2 Ke4 34. Nd2+ Kd4 35. Kf3 Nd5 36. Ke2 Nb4 37. a3 Nc6 38. Ncb3+ Kd5 39. Ke3 f5 40. Nf3 g5 41.
Nbd2 Na5 42. Kd3 c5 43. b4 Nb7 44. b5 Nd6 45. a4 g4 46. Nh4 f4 47. Ng2 c4+ 48. Nxc4 Nxc4 49. Nxf4+ Kc5 50. Ne6+ Kb4 51. Kd4 Nb6 52. Nc5 Nxa4 53. Ne4 Kxb5 54. Nf6 Nb6 55. Nxg4 h5 56. Nf6 h4 57. h3 a5 58. Ne4 a4 59. Nc3+ Kb4 60. Nxa4 Nxa4 61. Ke5 Nc5 62. Kf5 Nd3 63. Kg4 Nf2+ 64. Kxh4 Nxh3 1/2-1/2

[Event "*** Qualifier 1: Titled Tuesday 3|2 Blitz"]
[Site "Chess.com"]
[Date "2017.04.04"]
[Round "10"]
[White "StoreySniper"]
[Black "Marcus_Harvey"]
[Result "0-1"]
[WhiteElo "2240"]
[BlackElo "2461"]
[TimeControl "180+2"]
[EndTime "15:21:19 PDT"]
[Termination "Marcus_Harvey won by resignation"]

1. c4 e6 2. Nf3 f5 3. d4 Nf6 4.
Nc3 Be7 5. g3 O-O 6. Bg2 d6 7.
O-O a5 8. Re1 Ne4 9. Nxe4 fxe4 10. Nd2 d5 11. cxd5 exd5 12. f3 Nc6 13. e3 exf3 14.
Bxf3 Bf5 15. a3 a4 16. Qe2 Na5 17. Qg2 c6 18. Bd1 b5 19. Rf1 Bg5 20. Nf3 Be4 21. Bc2 Nc4 22. Bxe4 dxe4 23. Nxg5 Rxf1+ 24.
Qxf1 Qxg5 25. Qf4 Qh5 26. g4 Qh3 27. Qxe4 Rf8 28. Qg2 Qh4 29. Bd2 Nxd2 30. Qxd2 Qxg4+ 31. Qg2 Qxg2+ 32. Kxg2 Rf6 33. Rc1 Kf7 34. Rc5 Ke7 35. d5 Kd6 36. Rxc6+ Kxd5 37. Rc7 Ke4 38. Rxg7 Kxe3 39.
Rxh7 Rf2+ 40. Kg3 Rxb2 41. h4 Kd4 42. Rb7 Kc4 43. h5 Rb3+ 44. Kg4 Rxa3 45. Rc7+ Kb3 46.
h6 Ra1 47. Rc5 Rg1+ 48. Kf5 b4 49. h7 Rh1 50. Kg6 Rxh7 51. Kxh7 a3 52. Rh5 a2 53. Rh3+ Ka4 54. Rh1 b3 55. Kg6 b2 56. Rh4+ Kb5 57.
Rh5+ Kc6 0-1

[Event "*** Qualifier 1: Titled Tuesday 3|2 Blitz"]
[Site "Chess.com"]
[Date "2017.04.04"]
[Round "10"]
[White "TheLancer"]
[Black "PaulfromSPb"]
[Result "0-1"]
[WhiteElo "2478"]
[BlackElo "2548"]
[TimeControl "180+2"]
[EndTime "15:21:26 PDT"]
[Termination "PaulfromSPb won by resignation"]

1. e4 c5 2. Nc3 Nc6 3. f4 g6 4.
Nf3 Bg7 5. Bc4 e6 6. f5 a6 7. a4 Nge7 8. fxe6 fxe6 9. d3 O-O 10.
O-O d5 11. Bb3 Nd4 12. Bg5 Nxb3 13. cxb3 d4 14. Ne2 h6 15. Bxe7 Qxe7 16. a5 Bd7 17. Qd2 g5 18. Ng3 Rf7 19. Qe2 Raf8 20. Nd2 Be5 21.
Qg4 Rf4 22. Qh5 Kh7 23. Qe2 Be8 24. Nc4 Rxf1+ 25. Rxf1 Bf4 26. e5 Bg6 27. Ne4 Kg7 28. Nf6 Rd8 29. g3 Be3+ 30. Kg2 Qc7 31. Nh5+ Kh8 32.
Rf6 Qc6+ 33. Kh3 Kh7 34. Rxg6 Kxg6 35. Qf1 Bf4 36. gxf4 Kxh5 37. f5 g4+ 38. Kg3 Qf3+ 39. Qxf3 gxf3 40. f6 Kg5 41. Nd6 Rxd6 42. exd6 Kxf6 43.
Kxf3 e5 44. Ke4 Ke6 45. d7 Kxd7 46. Kxe5 Kc6 47. Ke6 Kb5 48. Kd5 Kb4 49. h4 h5 50.
Kd6 Kb5 51. Kd5 b6 52. axb6 Kxb6 53. b4 cxb4 54. Kxd4 Kb5 55. Ke5 a5 56. d4 a4 57.
d5 a3 58. bxa3 bxa3 59. d6 a2 60. d7 a1=Q+ 61. Ke6 Qd4 62. Ke7 Qxh4+ 0-1

[Event "*** Qualifier 1: Titled Tuesday 3|2 Blitz"]
[Site "Chess.com"]
[Date "2017.04.04"]
[Round "10"]
[White "RitvarsReimanis"]
[Black "Rock700chess"]
[Result "1-0"]
[WhiteElo "2421"]
[BlackElo "2224"]
[TimeControl "180+2"]
[EndTime "15:21:34 PDT"]
[Termination "RitvarsReimanis won by resignation"]

1. d4 Nf6 2. Nf3 g6 3. g3 Bg7 4. Bg2 c6 5. c4 O-O 6. Nc3 d6 7. h3 Nbd7 8. O-O e5 9. e4 Qc7 10. Re1 a6 11. Qe2 b5 12. c5 dxc5 13. dxe5 Nxe5 14. Nxe5 Qxe5 15. f4 Qc7 16. e5 Nd5 17. Nxd5 cxd5 18. Bxd5 Bb7 19. Bxb7 Qxb7 20. Be3 Rac8 21.
Qg2 Qc7 22. Rad1 Rfd8 23. b3 h5 24. Rd5 Bf8 25. Red1 Rxd5 26. Qxd5 c4 27. bxc4 bxc4 28. e6 Qc6 29. exf7+ Kh7 30. Qg5 Qf3 31. Re1 c3 32.
f5 Rc6 33. Rf1 Qe4 34. g4 c2 35. gxh5 c1=Q 36. fxg6+ Kh8 37. Rxc1 Rxc1+ 38. Bxc1 Qd4+ 39. Be3 Qd1+ 40. Kg2 Qe2+ 41. Bf2 Qe4+ 42. Kf1 Qd3+ 43. Kg2 Qe4+ 44. Kf1 Qd3+ 45. Kg1 Qd1+ 46. Kg2 Qd6 47. Qe3 Qd5+ 48. Qf3 Qg5+ 49. Bg3 Qd2+ 50. Qf2 Qd5+ 51.
Qf3 Qd2+ 52. Kf1 Qc1+ 53. Be1 Qc4+ 54. Kg2 Qc2+ 55. Bf2 Qb1 56. Qf6+ 1-0

[Event "*** Qualifier 1: Titled Tuesday 3|2 Blitz"]
[Site "Chess.com"]
[Date "2017.04.04"]
[Round "10"]
[White "Tirantes"]
[Black "Grebeniuk-S"]
[Result "0-1"]
[WhiteElo "2189"]
[BlackElo "2389"]
[TimeControl "180+2"]
[EndTime "15:21:41 PDT"]
[Termination "Grebeniuk-S won by resignation"]

1. c4 Nf6 2. g3 g6 3. Bg2 Bg7 4.
Nc3 O-O 5. e4 d6 6. Nge2 e5 7. d3 Nh5 8. O-O f5 9. exf5 gxf5 10.
f4 Nc6 11. Be3 Nf6 12. h3 Kh8 13. Qd2 Be6 14. Rae1 Qd7 15. Nd5 Bxd5 16. cxd5 Ne7 17. Nc3 Ng6 18. Kh2 exf4 19. gxf4 Nh5 20. Bf3 Nhxf4 21.
d4 Bh6 22. Rg1 Rae8 23. Ref1 Qe7 24. Rxg6 Qxe3 25. Qxe3 Rxe3 26. Rxh6 Kg7 27. Rh4 Ng6 28. Rh5 Rd3 29. Rf2 Rxd4 30. Rg5 Kh6 31. Rfg2 Nf4 32. R2g3 Rd2+ 33. Kh1 Re8 34. Rg1 Re3 35. R5g3 Nd3 36. R1g2 Rxg2 37. Kxg2 f4 38. Nd1 Re5 39. Rg4 Ne1+ 40.
Kf2 Nd3+ 41. Kf1 Re1+ 42. Kg2 Re5 43. Nf2 Ne1+ 44. Kf1 Nxf3 45. Rxf4 Nd2+ 46. Kg2 Re2 47. Kg1 Re1+ 48. Kg2 Rb1 49. Ng4+ Kg5 50. Rf7 Rxb2 51. Rxc7 Ne4+ 52. Kf3 Nd2+ 53. Ke3 h5 54. Nf2 Nf1+ 55. Kf3 Nd2+ 56. Ke3 Rxa2 57. Rxb7 a5 58. Rd7 a4 59. Rxd6 Nc4+ 60. Kd4 Nxd6 61. Nd3 Rd2 62. Kc5 Rxd3 63. Kxd6 a3 0-1

[Event "*** Qualifier 1: Titled Tuesday 3|2 Blitz"]
[Site "Chess.com"]
[Date "2017.04.04"]
[Round "10"]
[White "justantan"]
[Black "TooOldTooSlow70"]
[Result "1/2-1/2"]
[WhiteElo "2196"]
[BlackElo "2336"]
[TimeControl "180+2"]
[EndTime "15:21:45 PDT"]
[Termination "Game drawn - insufficient material"]

1. e4 e5 2. Nf3 d6 3. d4 exd4 4.
Nxd4 Nf6 5. Nc3 Be7 6. g3 d5 7. exd5 Nxd5 8. Nde2 Nxc3 9. Qxd8+ Bxd8 10. Nxc3 Nc6 11.
Bg2 Nb4 12. Be4 f5 13. a3 fxe4 14. axb4 Bg4 15. Nxe4 Bf3 16. O-O O-O 17. Nd2 Bc6 18.
c4 a6 19. b5 Bd7 20. Re1 Bf5 21. Ne4 Re8 22. f3 Be7 23. bxa6 bxa6 24. Bd2 Bf8 25. Bc3 Re6 26. g4 Bg6 27. Nd2 Rc6 28. Kg2 h6 29. h4 h5 30. Ra5 hxg4 31. fxg4 Rc5 32.
h5 Bf7 33. Rxc5 Bxc5 34. b4 Bf8 35. Ra1 c6 36. Kf2 Rd8 37. Ke3 c5 38. Rxa6 cxb4 39.
Bd4 Rb8 40. Kd3 b3 41. Rb6 Rxb6 42. Bxb6 b2 43. Bd4 Ba3 44. Kc2 Be6 45. Kb3 Be7 46.
Kxb2 Bxg4 47. c5 Bxh5 48. c6 Be8 49. c7 Bd7 50. Kc3 Bd6 51. Bb6 Kf7 52. Kd4 Ke6 53.
Nc4 Bh2 54. Ba5 g5 55. Ke4 Bc6+ 56. Ke3 Bb7 57. Kf2 Bf4 58. Bd2 Kd7 59. Bxf4 gxf4 60.
Ne5+ Kxc7 61. Nd3 f3 62. Ne5 Bc6 63. Nxf3 Bxf3 1/2-1/2

[Event "*** Qualifier 1: Titled Tuesday 3|2 Blitz"]
[Site "Chess.com"]
[Date "2017.04.04"]
[Round "10"]
[White "ruvat"]
[Black "stepanosinovsky"]
[Result "0-1"]
[WhiteElo "2215"]
[BlackElo "2224"]
[TimeControl "180+2"]
[EndTime "15:21:46 PDT"]
[Termination "stepanosinovsky won on time"]

1. d4 Nf6 2. c4 g6 3. Nf3 Bg7 4.
g3 O-O 5. Bg2 d6 6. O-O Nbd7 7.
Nc3 e5 8. e4 c6 9. h3 exd4 10.
Nxd4 Re8 11. Be3 Nc5 12. Qc2 a5 13. Rad1 a4 14. Nxc6 Qb6 15. Nd4 Qb4 16. Ndb5 Be6 17. Nc7 Bxc4 18. Nxe8 Nxe8 19. Rfe1 a3 20. e5 axb2 21.
Bxc5 Qxc5 22. Qxb2 Bxe5 23. Qxb7 Ra7 24. Qb8 Bxc3 25.
Rxe8+ Kg7 26. Rg8+ Kh6 27. Qf8+ Kh5 28. Bf3+ Kg5 29.
h4+ Kf5 30. Qh6 Ke6 31. Re8+ Kd7 32. Qf8 Bf6 33. Rb8 Be6 34. Qe8+ Kc7 35. Ra8 Rxa8 36. Qxa8 Bd4 37. Qb7+ Kd8 38. Qb8+ Ke7 39. Qb7+ Kf6 40.
Rf1 Bc4 41. Qe4 Bxf1 42. Kxf1 Qc1+ 43. Kg2 Qb2 44. Qe2 Qc3 45. a4 Qc5 46. Qd2 Kg7 47. h5 Bc3 48. h6+ Kf6 49. Qf4+ Ke7 50. Qe4+ Be5 51.
Be2 Qc3 52. Bc4 Qd2 53. Qb7+ Kd8 54. Qxf7 Bd4 0-1

[Event "*** Qualifier 1: Titled Tuesday 3|2 Blitz"]
[Site "Chess.com"]
[Date "2017.04.04"]
[Round "10"]
[White "Fandorine"]
[Black "FairChess_on_YouTube"]
[Result "0-1"]
[WhiteElo "2652"]
[BlackElo "2739"]
[TimeControl "180+2"]
[EndTime "15:22:01 PDT"]
[Termination "FairChess_on_YouTube won by resignation"]

1. e4 c5 2. Nf3 e6 3. g3 Nc6 4.
Bg2 Nf6 5. Qe2 d5 6. d3 Be7 7. O-O O-O 8. c3 b5 9. Nbd2 a5 10. exd5 exd5 11. d4 Ba6 12. Re1 b4 13. Qd1 Rc8 14.
dxc5 bxc3 15. bxc3 Bxc5 16. Nb3 Ba7 17. Be3 Ne4 18.
Rc1 Bc4 19. Bxa7 Nxa7 20. Ne5 Nb5 21. Bxe4 dxe4 22. Nxc4 Rxc4 23. Qxd8 Rxd8 24. Nxa5 Rxc3 25. Rb1 Nd6 26. Red1 f5 27. Rb3 Rcc8 28. Rb6 Nf7 29. Rxd8+ Rxd8 30. Nc6 Rd1+ 31. Kg2 g6 32. h4 Rd2 33.
Rb8+ Kg7 34. Rb7 Kf6 35. Rb6 Nd6 36. Kg1 Nc4 37. Ra6 Rd1+ 38. Kg2 Kg7 39. Ra7+ Kf6 40. Ra6 Nd6 41. Nb4 Rd2 42. Nc2 Rxc2 43. Rxd6+ Ke5 44.
Rd7 h6 45. a4 Ra2 46. Ra7 g5 47. hxg5 hxg5 48. a5 f4 49. gxf4+ gxf4 50. Re7+ Kf5 51. Rf7+ Kg5 52. Kf1 Rxa5 53. Re7 Kf5 54. Kg2 Ra2 55.
Kg1 f3 56. Re8 Ra1+ 57. Kh2 Rf1 58. Rf8+ Kg5 59. Rg8+ Kf6 60. Rf8+ Ke7 61. Rf4 Rxf2+ 62. Kg3 Rg2+ 63. Kh3 Re2 0-1

[Event "*** Qualifier 1: Titled Tuesday 3|2 Blitz"]
[Site "Chess.com"]
[Date "2017.04.04"]
[Round "10"]
[White "AlexanderL"]
[Black "TenisMaster"]
[Result "1-0"]
[WhiteElo "2596"]
[BlackElo "2648"]
[TimeControl "180+2"]
[EndTime "15:22:07 PDT"]
[Termination "AlexanderL won by resignation"]

1. e4 e5 2. Nf3 Nc6 3. Nc3 Nf6 4. a3 d6 5. d4 exd4 6. Nxd4 Bd7 7. Bc4 Be7 8. O-O O-O 9. Re1 Re8 10.
f3 h6 11. Be3 Bf8 12. Qd2 a6 13. Rad1 Nxd4 14. Bxd4 Bc6 15. Qf2 Nd7 16. Nd5 Ne5 17. Ba2 Bxd5 18. Bxd5 c6 19. Ba2 Qc7 20. f4 Nd7 21.
Qf3 Be7 22. Qh5 Rf8 23. Re3 Nf6 24. Qf3 Rae8 25. Rde1 Nd7 26. e5 dxe5 27. fxe5 Bc5 28.
Qf4 Qb6 29. Bxc5 Qxc5 30. Qc4 Re7 31. e6 fxe6 32. Qxc5 Nxc5 33. Re5 Na4 34. Bb3 Nb6 35. Rxe6 Rxe6 36. Rxe6 Nd5 37. Bxd5 cxd5 38. Rb6 Rf7 39. Rd6 Rc7 40. c3 Rc5 41. Rb6 Rc7 42. Kf2 Kf7 43.
Ke3 Re7+ 44. Kd3 h5 45. g3 g6 46. h4 Kg7 47. a4 Kh6 48. a5 Re1 49. Rxb7 Rg1 50.
Rb6 Rxg3+ 51. Kd4 Rg4+ 52. Kxd5 Rxh4 53. Rxa6 Ra4 54. b4 h4 55. Ra8 Kh7 56. Ke4 Ra3 57. Rc8 h3 58. Kf3 Ra2 59. Rd8 h2 60. Rd1 Rc2 61.
Ra1 Rxc3+ 62. Kg2 Rc2+ 63. Kh1 g5 64. a6 g4 65. a7 1-0

[Event "*** Qualifier 1: Titled Tuesday 3|2 Blitz"]
[Site "Chess.com"]
[Date "2017.04.04"]
[Round "10"]
[White "Bigfish1995"]
[Black "HansCoolNiemann"]
[Result "1-0"]
[WhiteElo "2658"]
[BlackElo "2373"]
[TimeControl "180+2"]
[EndTime "15:22:09 PDT"]
[Termination "Bigfish1995 won by resignation"]

1. e4 e6 2. d4 d5 3. Nd2 c5 4. Ngf3 Be7 5. exd5 Qxd5 6. Bc4 Qd8 7. dxc5 Bxc5 8.
Qe2 Nf6 9. Nb3 Bb6 10. Bf4 O-O 11. Rd1 Bd7 12. Bd6 Re8 13. O-O Bc6 14. Ne5 Bd5 15.
Bb5 Qxd6 16. Bxe8 Nxe8 17. c4 Bc7 18. f4 Qb6+ 19. Kh1 Bc6 20. Nd4 Bxe5 21. fxe5 Nd7 22. b4 a6 23. Qf2 Nxe5 24. Rde1 Nf6 25. Rxe5 Rd8 26. Rc5 Be4 27. Qg3 h6 28. Nb3 Qxb4 29.
h3 b6 30. Rc7 Rd3 31. Qh4 Qd6 32.
Rc8+ Kh7 33. c5 Qd5 34. Rf2 Rd1+ 35. Kh2 Qe5+ 36. Qf4 Qxf4+ 37. Rxf4 bxc5 38. Rxc5 Bd5 39. Rf2 Ne4 40. Rxd5 exd5 41. Rxf7 d4 42. Rf4 Nd2 43. Rxd4 Nf1+ 44. Kg1 Ne3+ 45. Kf2 Rxd4 46. Nxd4 Nd5 47. Kf3 Kg6 48. a3 Kf6 49. Ke4 Nb6 50. Nb3 Nc4 51.
a4 Nb6 52. a5 Nc4 53. Kd5 Ne3+ 54. Kc5 Nxg2 55. Kb6 Nf4 56. Kxa6 Nd5 57. Kb7 Nb4 58. Nd4 Kg5 59. Nc6 Nd3 60. Kb6 Nf4 61. a6 Nd5+ 62.
Kb7 Kh4 63. a7 Nb6 64. Kxb6 Kxh3 65. a8=Q g5 66. Ne5 g4 67. Qh1+ Kg3 68. Qxh6 Kf2 69. Nxg4+ Kf3 70. Ne5+ Ke4 71. Nc4 Kd4 72. Kb5 1-0

[Event "*** Qualifier 1: Titled Tuesday 3|2 Blitz"]
[Site "Chess.com"]
[Date "2017.04.04"]
[Round "10"]
[White "NTBT_DHS"]
[Black "oggy1984"]
[Result "1-0"]
[WhiteElo "2452"]
[BlackElo "2324"]
[TimeControl "180+2"]
[EndTime "15:22:14 PDT"]
[Termination "NTBT_DHS won on time"]

1. d4 Nf6 2. c4 e6 3. g3 d5 4. Nf3 Be7 5. Bg2 O-O 6. O-O Nbd7 7.
Qc2 a6 8. Bf4 dxc4 9. Qxc4 c5 10. dxc5 Nxc5 11. Qc2 Bd7 12. Ne5 Rc8 13. Nc3 b5 14. a3 Na4 15. Rad1 Nxc3 16. bxc3 Qe8 17. Bb7 Rc5 18. Nxd7 Nxd7 19. Bxa6 Nf6 20. Bb7 Rc4 21.
Qb3 Ra4 22. Ra1 Qd7 23. Bf3 Rc8 24. Rfd1 Qe8 25. Rdb1 Ra5 26. Bb7 Rc4 27. Bg2 Rca4 28. Bc7 Rxa3 29. Rxa3 Rxa3 30. Qxb5 Qxb5 31. Rxb5 h6 32.
Be5 Ra1+ 33. Bf1 Rc1 34. e3 Nd5 35. c4 Nc3 36. Rb8+ Kh7 37. Kg2 f6 38. Bd3+ g6 39.
Rb7 fxe5 40. Rxe7+ Kg8 41. Bxg6 Nd1 42. Rxe6 Rxc4 43.
Rxe5 Rb4 44. Bh5 Nc3 45. Bf3 Rb2 46. Re6 Kg7 47. Rc6 Nb1 48. h4 Nd2 49. Bd5 Rb5 50.
e4 Rb2 51. h5 Nb1 52. e5 Na3 53. Rc7+ Kh8 54. e6 Re2 55. e7 Nb5 56. Rc8+ Kg7 57. e8=Q Rxe8 58. Rxe8 Nc3 59. Bc6 Nd1 60. Re1 Nc3 61.
Re3 Nd1 62. Rd3 Nb2 63. Rd4 Kf6 64. f4 Kf5 65. Kf3 1-0

[Event "*** Qualifier 1: Titled Tuesday 3|2 Blitz"]
[Site "Chess.com"]
[Date "2017.04.04"]
[Round "10"]
[White "aa175"]
[Black "ka1ser64"]
[Result "0-1"]
[WhiteElo "1862"]
[BlackElo "2305"]
[TimeControl "180+2"]
[EndTime "15:22:24 PDT"]
[Termination "ka1ser64 won by checkmate"]

1. e4 e6 2. Nf3 d5 3. exd5 exd5 4.
d4 Bd6 5. Bd3 Ne7 6. O-O O-O 7.
c4 c6 8. c5 Bc7 9. b4 Bf5 10. Nc3 Re8 11. Bg5 f6 12. Be3 Nd7 13.
a4 a5 14. b5 Nf8 15. b6 Bb8 16. Qc2 Qd7 17. Rae1 Nfg6 18. Bd2 Bf4 19. Re2 Bxd2 20. Rxd2 Nf4 21. Bxf5 Nxf5 22. Ne2 Ng6 23. Ng3 Nxg3 24. hxg3 Re4 25. Re2 Rae8 26. Rfe1 Qg4 27. Rxe4 Rxe4 28. Rxe4 dxe4 29. Nd2 f5 30. d5 Ne7 31. d6 Nd5 32. d7 Qg5 33. Nxe4 Qe7 34. Nd6 Qxd7 35. Qxf5 Nxb6 36. Qxd7 Nxd7 37. Nxb7 Kf7 38.
Kf1 Ke6 39. Ke2 Kd5 40. Nxa5 Nxc5 41. Ke3 Nxa4 42. Nxc6 Kxc6 43. Kf4 Kd7 44. g4 Ke7 45. g5 Nc5 46. Kg4 Kf7 47. f4 Ne4 48. g3 Nf2+ 49.
Kf3 Nd3 50. Ke4 Nf2+ 51. Kf3 Nd1 52. Ke2 Nc3+ 53. Kd3 Nd5 54. Ke4 Ne7 55. Kf3 Kg6 56. Kg4 Nf5 57. Kf3 Nd4+ 58. Ke4 Nf5 59. Kf3 Kf7 60.
Kg4 Ke6 61. Kf3 Kd5 62. Kg4 Ke4 63. g6 h6 64. Kh5 Nxg3+ 65. Kg4 Nf5 66. Kh5 Ne7 67. Kg4 Nxg6 68. f5 Ne5+ 69. Kh4 Kxf5 70. Kh5 Nf7 71. Kh4 g6 72. Kg3 g5 73. Kh3 h5 74.
Kg2 h4 75. Kh2 g4 76. Kg2 Kf4 77. Kh2 Kf3 78. Kh1 Kf2 79. Kh2 Ng5 80. Kh1 h3 81.
Kh2 g3+ 82. Kh1 g2+ 83. Kh2 g1=Q# 0-1